Cogmind - Beta 15 @@@ ROGUE MODE // 2025.09.29 @ 22:55:39 Player: pandag Result: Destroyed by D-53 Grenadier with Mini Grenade Launcher Performance ------------- Evolutions (0) 0 Regions Visited (2) 400 Robots Destroyed (27) 135 Value Destroyed (420) 420 Prototype IDs (0) 0 Alien Tech Used (0) 0 Bonus (0) 0 TOTAL SCORE: 955 Bonus ------- None Cogmind --------- Core Integrity 0/250 Matter 300/300 Energy 89/100 System Corruption 5% Temperature Cool (0) Movement Rolling (200) Ox8 Location -10/Mines Parts ------- > --- POWER (1) -------- (None) > --- PROPULSION (2) --- Wheel > --- UTILITY (2) ------ Huge Storage Unit Structural Scanner > --- WEAPON (2) ------- Mining Claw > --- INVENTORY (25) --- Ion Engine Ion Engine Light Nuclear Core Light Treads Wheel Improved Heat Sink Small Storage Unit Large Storage Unit Medium Matter Pod (100) Medium Matter Pod (100) Medium Matter Pod (100) High-capacity Matter Pod (200) High-capacity Matter Pod (64) Weight Redist. System Sensor Array Signal Interpreter Light Assault Rifle Mini Grenade Launcher Mini Grenade Launcher Mini Grenade Launcher Mini Grenade Launcher Peak State ------------ > --- POWER ------------ Ion Engine > --- PROPULSION ------- Light Treads Light Treads > --- UTILITY ---------- Huge Storage Unit Structural Scanner > --- WEAPON ----------- Light Assault Rifle Light Assault Rifle > --- INVENTORY -------- Ion Engine Ion Engine Light Nuclear Core Light Treads Wheel Wheel Improved Heat Sink Small Storage Unit Large Storage Unit Medium Matter Pod Medium Matter Pod Medium Matter Pod High-capacity Matter Pod High-capacity Matter Pod Weight Redist. System Light Assault Rifle Mini Grenade Launcher Mini Grenade Launcher Mini Grenade Launcher Mini Grenade Launcher Mining Claw [Rating: 10] Favorites ----------- Power Ion Engine Engine Ion Engine Propulsion Light Treads Treads Light Treads Wheel Wheel Utility Structural Scanner Device Structural Scanner Storage Huge Storage Unit Weapon Light Assault Rifle Ballistic Gun Light Assault Rifle Slashing Weapon Mining Claw Build | -11 -10 -10 ------- Run | Yrd Mat Min Slots Evolved . | . . . Power . | . . . Propulsion . | . . . Utility . | . . . Weapon . | . . . Parts Attached 14 | 6 7 1 Power 2 | 1 1 . Engine 2 | 1 1 . Core . | . . . Reactor . | . . . Propulsion 4 | 2 1 1 Treads 3 | 2 1 . Leg . | . . . Wheel 1 | . . 1 Hover . | . . . Flight . | . . . Utility 4 | 1 3 . Device 1 | . 1 . Storage 3 | 1 2 . Processor . | . . . Hackware . | . . . Protection . | . . . Artifact . | . . . Weapon 4 | 2 2 . Energy Gun . | . . . Energy Cannon . | . . . Ballistic Gun 3 | 2 1 . Ballistic Cannon . | . . . Launcher . | . . . Special Weapon . | . . . Impact Weapon . | . . . Slashing Weapon 1 | . 1 . Piercing Weapon . | . . . Special Melee Weapon . | . . . Unidentified Prototypes . | . . . Parts Lost 7 | . 1 6 Power 2 | . . 2 Propulsion 2 | . . 2 Utility . | . . . Weapon 3 | . 1 2 Highest Loss Streak 4 | . 1 4 To Critical Strikes . | . . . Average Backups 13 | 1 12 22 Power 2 | . 2 3 Propulsion 2 | . 2 2 Utility 5 | . 4 11 Weapon 3 | . 3 5 Tool/Special . | . . . Unused Backups 18 | . . 18 Power 3 | . . 3 Propulsion 1 | . . 1 Utility 9 | . . 9 Weapon 5 | . . 5 Tool/Special . | . . . Average Slot Usage (%) 97 | . 99 90 Engine 12 | . 14 6 Treads 26 | . 28 18 Wheel 1 | . . 8 Device 13 | . 13 14 Storage 14 | . 14 14 Ballistic Gun 25 | . 25 24 Slashing Weapon 2 | . 2 3 Peak Build Rating 10 | 6 10 10 Average Rating 8 | 4 8 9 On Entrance 5 | . 6 10 Naked Turns . | . . . Heaviest Build 89 | 12 89 88 Greatest Support 40 | 40 40 40 Greatest Overweight (x) 8 | 3 2 8 Average Overweight (x) 1 | . . 6 Largest Inventory Capacity 25 | 8 25 25 Average Capacity 19 | 7 18 25 Most Carried 24 | 3 24 24 Average Carried 13 | 1 12 22 Final Capacity 25 | 8 25 25 Final Carried 24 | 3 24 21 Class Distribution -------------------- 100% | Mutant Dominant Class ---------------- Mutant | -10/Materials Mutant | -10/Mines Resources | -11 -10 -10 ----------- Run | Yrd Mat Min Matter Collected 1039 | 226 561 252 Remotely . | . . . Salvage Created 766 | . 641 125 Parts 56 | . 48 8 Haulers Intercepted 1 | . 1 . Recyclers Shooed 2 | . 2 . Parts Field Recycled . | . . . Retrieved Matter . | . . . Parts Self-Destructed . | . . . Prevented . | . . . Kills | -11 -10 -10 ------- Run | Yrd Mat Min Combat Hostiles Destroyed 18 | . 13 5 Melee 1 | . . 1 Guns 17 | . 13 4 Classes Destroyed 8 | . 8 . Worker 2 | . 2 . Builder 1 | . 1 . Tunneler 1 | . 1 . Hauler 1 | . 1 . Recycler 2 | . 2 . Watcher 2 | . 2 . Swarmer 12 | . 9 3 Grunt 6 | . 4 2 Best Kill Streak 5 | . 5 2 Combat Bots Only 5 | . 5 2 Max Kills in Single Turn 1 | . 1 1 Gunslinging . | . . . Exploded . | . . . Melee 1 | . . 1 Uniques/NPCs Destroyed . | . . . Combat | -11 -10 -10 -------- Run | Yrd Mat Min Hostile Shots Fired 150 | . 69 81 Missed 53 | . 29 24 Hits 97 | . 40 57 Melee 1 | . . 1 Projectile 96 | . 40 56 AOE 5 | . . 5 Critical Strikes 1 | . 1 . Damage Taken 1108 | . 419 689 Core 263 | . 34 229 Absorbed by Shields . | . . . Core Remaining (%) 100 | 100 . . Volleys Fired 67 | . 51 16 Largest 2 | . 2 2 Hottest 40 | . 40 40 Shots Fired 130 | . 98 32 Gun 130 | . 98 32 Cannon . | . . . Launcher . | . . . Special . | . . . Kinetic 130 | . 98 32 Thermal . | . . . Explosive . | . . . Electromagnetic . | . . . Robot Hit Streak 9 | . 9 6 Robot Miss Streak 5 | . 3 5 Penetration Max . | . . . Secondary Targets 2 | . 2 . Max Gunslinging Chain 1 | . 1 . Shots Hit Robots 87 | . 66 21 Core Hits 47 | . 37 10 Critical Kills . | . . . Critical Parts Destroyed . | . . . Critical Strikes . | . . . Melee Attacks 13 | . 6 7 Impact . | . . . Slashing 13 | . 6 7 Piercing . | . . . Sneak Attacks 5 | . 4 1 Combat Hostiles 1 | . . 1 Follow-up Attacks . | . . . Damage Inflicted 938 | . 720 218 Guns 656 | . 486 170 Cannons . | . . . Explosions . | . . . Melee 259 | . 211 48 Ramming 23 | . 23 . Kinetic 656 | . 486 170 Thermal . | . . . Explosive . | . . . Electromagnetic . | . . . Impact . | . . . Slashing 259 | . 211 48 Piercing . | . . . Highest Corruption 5 | . . 5 Average Corruption 5 | . . 5 Corruption Purged . | . . . Corruption Blocked . | . . . Effects 1 | . . 1 Energy Discharges 1 | . . 1 Overload Shots . | . . . Overflow Damage 16 | . 16 . Projectiles . | . . . Explosions . | . . . Melee 16 | . 16 . Knockbacks . | . . . Impact . | . . . Kinetic . | . . . Secondary . | . . . Self-Inflicted Damage . | . . . Shots . | . . . Rammed 2 | . 2 . Targets Rammed 2 | . 2 . Kicked . | . . . Crushed . | . . . Highest Temperature 27 | . 27 6 Average Temperature 10 | . 13 4 Received Heat Transfer 176 | . 102 74 Siege Activations . | . . . Martial Activations . | . . . Shielding Activations . | . . . Robots Disrupted . | . . . Combat Hostiles . | . . . Robots Corrupted . | . . . Combat Hostiles . | . . . Parts Fried . | . . . Impact Corruptions . | . . . Robots Melted . | . . . Combat Hostiles . | . . . Parts Melted . | . . . Heat Transferred . | . . . Parts Sabotaged . | . . . Parts Stolen . | . . . Parts Stripped . | . . . Power Chain Reactions . | . . . Alert | -11 -10 -10 ------- Run | Yrd Mat Min Maximum Alert Level . | . . . Low Security (%) 100 | 100 100 100 Level 1 . | . . . Level 2 . | . . . Level 3 . | . . . Level 4 . | . . . Level 5 . | . . . High Security . | . . . Max Security . | . . . Peak Influence 177 | . 177 55 Initial . | . . . Average 55 | . 63 28 Influence Increases 546 | . 411 135 Destroy 0b10 Robot/C 360 | . 260 100 Destroy 0b10 Robot/NC 45 | . 45 . Destroy Leader 66 | . 46 20 Disable Machine 15 | . 15 . Lose Combat Pursuer 60 | . 45 15 Influence Decreases 546 | . 411 135 Time Decay 506 | . 411 95 Lost Part 40 | . . 40 Squads Dispatched 1 | . 1 . Investigation . | . . . Extermination . | . . . Reinforcement 1 | . 1 . Assault . | . . . Garrison . | . . . Intercept . | . . . Searches Triggered . | . . . Construction Impeded . | . . . Haulers Reinforced . | . . . Active Scanning Responses . | . . . Cargo Convoy Interrupts . | . . . Stealth | -11 -10 -10 --------- Run | Yrd Mat Min Distress Signals 1 | . 1 . Communications Jammed . | . . . Distress Signals . | . . . Times Spotted 43 | . 25 18 Peak Tracking Total 14 | . 7 14 Tactical Retreats 5 | . 3 2 Traps | -11 -10 -10 ------- Run | Yrd Mat Min Traps Triggered 1 | . 1 . Indirectly . | . . . Trap Hack Attempts . | . . . Triggered . | . . . Disarmed 1 | . 1 . Reprogrammed . | . . . Reused . | . . . Traps Extracted . | . . . Installed . | . . . Triggered . | . . . Machines | -11 -10 -10 ---------- Run | Yrd Mat Min Machines Disabled 1 | . 1 . Max in Single Turn 1 | . 1 . Machines Repaired . | . . . Machines Dismantled . | . . . Machines Sabotaged . | . . . Overloaded Fab Kills . | . . . Hacking | -11 -10 -10 --------- Run | Yrd Mat Min Machines Accessed 1 | . 1 . Terminals 1 | . 1 . Fabricators . | . . . Repair Stations . | . . . Recycling Units . | . . . Scanalyzers . | . . . Garrison Access . | . . . Total Hacks 2 | . 2 . Successful 2 | . 2 . Failed . | . . . Catastrophic . | . . . Database Lockouts . | . . . Manual . | . . . Terminals 2 | . 2 . Fabricators . | . . . Repair Stations . | . . . Recycling Units . | . . . Scanalyzers . | . . . Garrison Access . | . . . Terminal Hacks 2 | . 2 . Emergency Access Points 1 | . 1 . Disarm Traps 1 | . 1 . Fabricator Hacks . | . . . Repair Station Hacks . | . . . Recycling Unit Hacks . | . . . Scanalyzer . | . . . Garrison Access Hacks . | . . . Unauthorized Hacks . | . . . Terminals . | . . . Fabricators . | . . . Repair Stations . | . . . Recycling Units . | . . . Scanalyzers . | . . . Garrison Access . | . . . Data Cores Recovered . | . . . Used . | . . . Hacking Detections . | . . . Full Trace Events . | . . . Feedback Events . | . . . Feedback Blocked . | . . . Robot Schematics Acquired . | . . . Robots Built . | . . . Authchips . | . . . Time . | . . . Total Robot Build Rating . | . . . Part Schematics Acquired . | . . . Parts Built . | . . . Authchips . | . . . Time . | . . . Total Part Build Rating . | . . . Parts Repaired . | . . . Time . | . . . Parts Recycled . | . . . Recycled Matter . | . . . Retrieved Matter . | . . . Retrieved Components . | . . . Parts Scanalyzed . | . . . Part Schematics Acquired . | . . . Parts Damaged . | . . . Bothacking | -11 -10 -10 ------------ Run | Yrd Mat Min Used RIF Installer . | . . . Robots Hacked . | . . . Non-combat . | . . . Combat . | . . . Robot Hacks Applied . | . . . Relay Couplers Released . | . . . Fabnet Peak Effective % . | . . . Robots Rewired . | . . . Allies Hacked . | . . . Hacks Repelled . | . . . Allies | -11 -10 -10 -------- Run | Yrd Mat Min Total Allies . | . . . Largest Group . | . . . Highest-Rated Group . | . . . Highest-Rated Ally . | . . . Total Orders . | . . . Ally Attacks . | . . . Total Damage . | . . . Kills . | . . . Allies Corrupted . | . . . Allies Melted . | . . . Intel | -11 -10 -10 ------- Run | Yrd Mat Min Active Infowar (turns) 1380 | . 1153 227 Structural 1380 | . 1153 227 Robot Analysis Total . | . . . Derelict Logs Recovered . | . . . Drone Launches . | . . . Drone Recoveries . | . . . Exploration | -11 -10 -10 ------------- Run | Yrd Mat Min Turns Passed 1518 | 67 1224 227 Spaces Moved 549 | 36 444 69 Core 3 | 3 . . Treads 490 | 33 444 13 Legs . | . . . Wheels 56 | . . 56 Hover . | . . . Flight . | . . . Fastest Speed 50 | 50 160 200 Average Speed 223 | 156 228 222 Slowest Speed 320 | 200 320 320 Overloaded Moves . | . . . Propulsion Burnouts . | . . . Robots Hopped . | . . . Potential Cave-ins 4 | . . 4 Cave-ins Triggered . | . . . Exploration Rate (%) 32 | 4 76 18 Regions Visited 2 Branch Regions 1 Pre-discovered Areas . | . . . Known Exits Taken . | . . . Unknown Exits Taken 2 | 1 1 . Scrap Searched . | . . . Spaces Dug 1 | . . 1 Terrain Destroyed 1 | . . 1 Melee 1 | . . 1 Projectile . | . . . AOE . | . . . Terrain Rammed . | . . . Walls Destroyed . | . . . Machines Disabled . | . . . Actions | -11 -10 -10 --------- Run | Yrd Mat Min Total 704 | 44 558 102 Wait 36 | . 31 5 Move 547 | 35 443 69 Hop . | . . . Pick Up 21 | 3 18 . Fast Attach 7 | 6 1 . Attach 4 | . 1 3 Detach . | . . . Swap 7 | . 5 2 Drop . | . . . Fire 67 | . 51 16 Melee 13 | . 6 7 Ram . | . . . Kick . | . . . Crush 2 | . 2 . Escape Stasis . | . . . Rewire . | . . . Trap . | . . . Miscellaneous . | . . . Route ------- -11/Scrapyard -10/Materials (discovered 2 exits: [*Mat] / [*Min]) -10/Mines History --------- Turn | Location | Event 32 | -11/Scrapyard | Discovered new exit (range 16) 68 | -11/Scrapyard | Entered Materials 249 | -10/Materials | Discovered new exit (range 7) 312 | -10/Materials | Build established: Mutant 477 | -10/Materials | Discovered new exit (range 15) 1292 | -10/Materials | Entered Mines 1300 | -10/Mines | Met a Derelict bent on vengeance 1392 | -10/Mines | Core integrity fell below 50% 1465 | -10/Mines | Assembled infested the area 1508 | -10/Mines | Core integrity fell below 20% 1519 | -10/Mines | Destroyed by D-53 Grenadier with Mini Grenade Launcher Last Messages --------------- 01497_ Lgt. Assault Rifle destroyed. 01499_ as-34487 destroyed. 01501_ as-72816 destroyed. 01501_ as-94616 destroyed. 01502_ The unstable cave ceiling collapses. 01503_ as-35330 destroyed. 01503_ as-14667 destroyed. 01504_ The unstable cave ceiling collapses. 01505_ as-63401 destroyed. 01507_ D-53 Grenadier destroyed. 01511_ The unstable cave ceiling collapses. 01512_ Acquired 32 matter. 01513_ The unstable cave ceiling collapses. 01513_ Shock Absorption System crushed. 01514_ System corrupted: Energy discharge (-28). 01514_ Acquired 106 matter. 01517_ Lgt. Treads destroyed. 01517_ U-05 Engineer builds a Wall. 01518_ Lgt. Assault Rifle destroyed. [Achievement: Back For More] Map ----- +----------------------------------------------------+ | ?????? ##?????????????????????????????????????? | | ?????? ##?????????????????????????????????????? | | ?????? ##?????###?????????????????????????????? | | ??????## ##??######?????????????????????????????? | | ??????## ##??### ?????????????????????????????? | | ??????## #### ???????????????????????????????? | | ????#### #### ##????????????????????????????????? | | ????#### = ##????????????????????????????????? | | ????## ## ####????????????????????????????????? | | ????## ## ####????????????????????????????????? | | ????## #### ##??????????????????????????????????? | | ????## #### ###?????????????????????????????????? | | ???### #### ######??????????????????????????????? | | ??#### #### ######?????????????????????????????? | | ??### #### ###?????????????????????????????? | | ?### #### ##?????????????????????????????? | | ?## % ### ######?????????????????????????? | | ?## ### ######?????????????????????????? | | ?## ### [ ##?????????????????????????? | | ?## #### #### ##?????????????????????????? | | ?## #### #### ##?????????????????????????? | | ?## ### #### ##???####??????????????????? | | ?##### #### #########??????????????????? | | ?##### #### ###### ##??????????????????? | | ????## u ###?????????????????? | | ???### ## #########@ d ###?????????????????? | | ???## #### ######## ##?????????????????? | | ???## #########???## ]! ###?????????????????? | | ???# ???######????## ##?????????????????? | | ?????????????????????## ###????????????????? | | ?????????????????????### ##????????????????? | | ?????????????????????### ###???????????????? | | ?????????????????????## # ##???????????????? | | ?????????????????????## ######???????????? | | ?????????????????????### a ######???????????? | | ?????????????????????## ?????? | | ??????????????????????## " ?????? | | ??????????????????????## ###### ?????? | | ??????????????????????### # ###### ??????????? | | ??????????????????????############???????????????? | | ???????????????????????###########???????????????? | | ?????????????????????????????????????????????????? | | ?????????????????????????????????????????????????? | | ?????????????????????????????????????????????????? | | ?????????????????????????????????????????????????? | | ?????????????????????????????????????????????????? | | ?????????????????????????????????????????????????? | | ?????????????????????????????????????????????????? | | ?????????????????????????????????????????????????? | | ?????????????????????????????????????????????????? | +----------------------------------------------------+ Best States ------------- Heat Dissipation 25 Energy Generation 10 Energy Capacity 250 Matter Stores 300 Matter Capacity 300 Sight Range 16 Terrain Scan Density 10 Evasion (%) 40 Recoil Reduction 2 Item Schematics ----------------- None Robot Schematics ------------------ None Fabricated ------------ Nothing Repaired ---------- Nothing Alien Tech Used ----------------- None Achievements -------------- Back For More Challenges ------------ None Game ------ Seed FlakLobotomyBlade Manual? 0 Play Time 00:12:21 Cumulative 55.5 hours Start 2025.09.29 @ 22:45:55 End 2025.09.29 @ 22:55:39 Sessions 1 Manual Loads 0 Difficulty Rogue Special Mode None Game No. 50 Rogue 50 Adventurer 0 Explorer 0 Win Type - Total 1 Types 1/0/0/0/0/0/0/0/0/0 Lore% 22 Gallery% 36 Achievement% 35 Wizard Run 0 Options --------- Layout 0 ASCII 0 Keyboard 0 Movement Mouse Keybinds 0 Fullscreen 1 Font 18/SmallcapsGlow Map View 76x50 Zoom Use 0% Tactical HUD 1 Map Filters NONE Filters NONE Steam 1 RUN: 02f9f831-4ce5-491d-afc9-dd2ea8371688